 Dungeon Crawl Stone Soup version 0.24-a0-699-g5a66b1aa3b (webtiles) character file.

Game seed: 2467497525619449512, levelgen mode: deterministic

7 Kairok the Sneak (level 2, -2/13 HPs)
             Began as a Vine Stalker Enchanter on Sept 29, 2019.
             Slain by a gnoll
             ... wielding a +0 spear
              (6 damage)
             ... on level 1 of the Dungeon.
             The game lasted 00:00:17 (123 turns).

Kairok the Sneak (Vine Stalker Enchanter)            Turns: 123, Time: 00:00:18

Health: -2/13      AC:  2    Str: 10    XL:     2   Next: 0%
Magic:  0/6        EV: 12    Int: 15    God:
Gold:   0          SH:  0    Dex: 14    Spells: 4/5 levels left

rFire    . . .     SeeInvis .   a - +1 dagger
rCold    . . .     Gourm    .   (no shield)
rNeg     . . .     Faith    .   b - +0 robe
rPois    .         Spirit   +   (no helmet)
rElec    .         Reflect  .   (no cloak)
rCorr    .         Harm     .   (no gloves)
MR       .....                  (no boots)
Stlth    ++........             (no amulet)
HPRegen  0.04/turn              (no ring)
MPRegen  0.10/turn              (no ring)

@: no status effects
A: fangs 2, magic shield, antimagic bite, no potion heal 3, rot immunity
a: no special abilities


You were on level 1 of the Dungeon.
You were not hungry.

You visited 1 branch of the dungeon, and saw 1 of its levels.

Inventory:

Hand Weapons
 a - a +1 dagger (weapon)
Armour
 b - a +0 robe (worn)
Jewellery
 c - a +4 ring of strength {unknown}
Comestibles
 d - 2 rations


   Skills:
 + Level 0.9 Short Blades
 + Level 1.7 Dodging
 + Level 3.7 Stealth
 + Level 2.2 Spellcasting
 + Level 3.2 Hexes


You had 4 spell levels left.
You knew the following spells:

 Your Spells              Type           Power        Failure   Level  Hunger
a - Corona                Hex            ##.....      6%          1    #......

Your spell library contained the following spells:

 Spells                   Type           Power        Failure   Level  Hunger
 Ensorcelled Hibernation  Hex/Ice        #.....       17%         2    ###....
 Confuse                  Hex            ##......     17%         3    ###....
 Tukima's Dance           Hex            ##......     17%         3    ###....
 Dazzling Spray           Conj/Hex       #.....       32%         3    ###....


Dungeon Overview and Level Annotations

Branches:
Dungeon (1/15)

Altars:


Innate Abilities, Weirdness & Mutations

You have extremely sharp teeth.
When hurt, damage is shared between your health and your magic reserves.
Your bite disrupts and absorbs the magic of your enemies.
Potions cannot restore your health.
You are immune to rotting.


Message History

Unknown command.
No target in view!
Unknown command.
No target in view!
Unknown command.
c - a tourmaline ring A gnoll comes into view.
It is wielding a +0 spear.
The gnoll shouts!
The gnoll hits you with a +0 spear.
Found a lumpy blue potion.
You see here 6 gold pieces.
You closely miss the gnoll.
The leopard gecko hisses angrily.
The gnoll misses you.
You hit the gnoll but do no damage. The gnoll hits you with a +0 spear.
You hit the gnoll but do no damage. The gnoll hits you with a +0 spear.
Sorry, you're not good enough to have a special ability.
Unknown command.
The gnoll hits you from afar with a +0 spear!
You die...

#######
#......####
#........!#
#..#
#..#.##.#.#
#..#
#...#@.#..##
#..#
#$##†#..#
#..#
#g##(#..#
#..#
.#l.#...###
#..# .#
##.#....#
#..#####
#........#.##
#...)..# #
########.#
##.####.# #.#
...# #.# #.#


You could see a gnoll.

Vanquished Creatures
  A dart slug (D:1)
  A giant cockroach (D:1)
  2 goblins (D:1)
4 creatures vanquished.

Notes
Turn   | Place    | Note
-------+----------+-------------------------------------------
     0 | D:1      | Kairok the Vine Stalker Enchanter began the quest for the
                  | Orb.
     0 | D:1      | Reached XP level 1. HP: 9/9 MP: 4/4
   116 | D:1      | Reached XP level 2. HP: 13/13 MP: 6/6
   123 | D:1      | Slain by a gnoll

Levels and vault maps discovered:
D:1:      lemuel_arrival_funnel, layout_basic, minmay_small_reverse_x

Action                   || total
-------------------------++-------
Melee: Dagger            ||     9
       Bite              ||     3
 Stab: Sleeping          ||     1
Armor: Robe              ||     1
Dodge: Dodged            ||     3

Table legend:
 A = Non-vault XP
 B = Vault XP
 C = Vault XP percentage of total XP
 D = Non-vault monster count
 E = Vault monster count
 F = Vault count percentage of total count
                 A         B        C        D         E       F
            +---------+---------+-------+---------+---------+-------
      Total |       4 |       6 |  60.0 |       2 |       2 |  50.0
            +---------+---------+-------+---------+---------+-------
        D:1 |       4 |       6 |  60.0 |       2 |       2 |  50.0
            +---------+---------+-------+---------+---------+-------
